 Dungeon Sprint DCSS version 0.26-a0-1222-g14533b3512 (webtiles) character file.

Game seed: 10086255132385108697

536 reriks the Spear-Bearer (level 7, -1/60 HPs)
             Began as a Merfolk Berserker on Dec 31, 2020.
             Was an Elder of Trog.
             Slain by a vampire mosquito (6 damage)
             ... in the Dungeon (Sprint II: "The Violet Keep of Menkaure").
             The game lasted 00:01:23 (639 turns).

reriks the Spear-Bearer (Merfolk Berserker)          Turns: 639, Time: 00:01:23

Health: -1/60      AC:  2    Str: 20    XL:     7   Next: 25%
Magic:  7/7        EV: 19    Int:  6    God:    Trog [****..]
Gold:   486        SH:  0    Dex: 13    Spells: 6/6 levels left

rFire    . . .     SeeInvis .   a - +0 spear
rCold    . . .     Faith    .   (no shield)
rNeg     . . .     Spirit   .   b - +0 animal skin
rPois    .         Reflect  .   (no helmet)
rElec    .         Harm     .   (no cloak)
rCorr    .         Rampage  .   (no gloves)
Will     ++...     NoTele   +   (no boots)
Stlth    +.........             (no amulet)
HPRegen  1.20/turn              (no ring)
MPRegen  0.10/turn              (no ring)

@: berserk cooldown, regenerating, hasted and slowed
A: change form in water, swift swim, stealthy swim
a: Renounce Religion, Berserk, Trog's Hand, Brothers in Arms


You were in the Dungeon.
You worshipped Trog.
Trog was greatly pleased with you.
You visited 1 branch You collected 486 gold pieces.

Inventory:

Hand Weapons
 a - a +0 spear (weapon)
Armour
 b - a +0 animal skin (worn)
Scrolls
 h - a scroll of blinking
Potions
 c - a potion of curing
 d - a potion of heal wounds
 f - 2 potions of magic
 g - a potion of berserk rage


   Skills:
 + Level 7.4 Fighting
 * Level 12.7 Polearms
 + Level 4.9 Armour
 * Level 11.5 Dodging


You had 6 spell levels left.
You didn't know any spells.
Your spell library was empty.

Dungeon Overview and Level Annotations

Branches:
Dungeon (1/1)

Altars:

Shops:
D }:*!!==:[[?!

Annotations:
D exclusion: oklob plant


Message History

You hit the vampire mosquito.
The vampire mosquito is lightly damaged.
The vampire mosquito completely misses you. x2
You hit the vampire mosquito.
The vampire mosquito is lightly damaged.
The vampire mosquito bites you but does no damage.
You barely miss the vampire mosquito.
The vampire mosquito is lightly damaged.
The vampire mosquito barely misses you.
You miss the vampire mosquito.
The vampire mosquito is lightly damaged.
The vampire mosquito closely misses you.
The vampire mosquito bites you!
* * * LOW HITPOINT WARNING * * *
The vampire mosquito draws strength from your injuries!
You closely miss the vampire mosquito.
The vampire mosquito is lightly damaged.
The vampire mosquito completely misses you.
You feel yourself speed up. The vampire mosquito bites you.
You die...

∩.∩.∩.∩#≈≈### .## ###
.∩.∩.∩.#≈##.###+###.#
..∩.∩..#≈#...##.##..##
...⌠...'≈'.##'.<.'##.+
.......#≈###.##.##..##
▓▓▓▓▓###≈##.###'###.#
ZZ######≈≈####.).####
?. ##≈≈≈#..#..# P
#@#≈##. .## #y#≈≈## ##
### ≈≈≈ ++# ≈


You could see a vampire mosquito.

Vanquished Creatures
  A merfolk siren (D)
  Menkaure (D)
  4 worker ants (D)
  3 worms (D)
9 creatures vanquished.

Vanquished Creatures (others)
  A water moccasin (D)
1 creature vanquished.

Grand Total: 10 creatures vanquished

Notes
Turn   | Place    | Note
-------+----------+-------------------------------------------
     0 | D        | reriks the Merfolk Berserker began the quest for the Orb.
     0 | D        | Reached XP level 1. HP: 18/18 MP: 1/1
     1 | D        | Noticed a neqoxec
    10 | D        | Reached skill level 5 in Polearms
    12 | D        | Reached XP level 2. HP: 25/25 MP: 2/2
    15 | D        | Reached ** piety under Trog
    60 | D        | Killed a water moccasin
   285 | D        | Reached skill level 6 in Polearms
   285 | D        | Reached skill level 5 in Dodging
   285 | D        | Reached XP level 3. HP: 30/30 MP: 3/3
   291 | D        | Reached skill level 7 in Polearms
   292 | D        | Reached skill level 8 in Polearms
   292 | D        | Reached XP level 4. HP: 38/38 MP: 4/4
   293 | D        | Reached *** piety under Trog
   294 | D        | Reached skill level 5 in Fighting
   381 | D        | Noticed a merfolk siren
   394 | D        | Killed a merfolk siren
   395 | D        | Reached skill level 12 in Polearms
   395 | D        | Reached skill level 10 in Dodging
   395 | D        | Reached XP level 5. HP: 25/48 MP: 5/5
   395 | D        | Reached XP level 6. HP: 29/55 MP: 6/6
   589 | D        | Found Zalad's Book Shop.
   589 | D        | Found Sithroec's Distillery.
   589 | D        | Found Tilosif's Antique Armour Shop.
   589 | D        | Found Qeogul's Jewellery Boutique.
   589 | D        | Found Noaghyih's Distillery.
   589 | D        | Found Cunuu's Jewellery Boutique.
   589 | D        | Found Itusafil's Distillery.
   589 | D        | Found Pusogg's Antique Armour Boutique.
   589 | D        | Found Jebbaa's Magic Scroll Boutique.
   590 | D        | Found Fadiogel's General Store.
   592 | D        | Found Guse's Book Boutique.
   592 | D        | Found Muubit's Gadget Shop.
   592 | D        | Noticed Menkaure
   592 | D        | Noticed an oklob plant
   610 | D        | Killed Menkaure
   610 | D        | Reached **** piety under Trog
   611 | D        | Reached XP level 7. HP: 60/60 MP: 7/7
   626 | D        | Noticed a vampire mosquito
   637 | D        | HP: 2/60 [vampire mosquito (8)]
   639 | D        | Slain by a vampire mosquito

Illustrated notes

Levels and vault maps discovered:
D:        the_violet_keep_of_menkaure [sprint2_stairs_cluster_1,
          sprint2_shoproom, sprint2_temple, sprint2_basic_supplies,
          sprint2_obstacle_6, sprint2_obstacle_3, sprint2_obstacle_1,
          sprint2_obstacle_4, sprint2_obstacle_5, sprint2_timed_cluster_1,
          sprint2_smallroom_cluster_1, sprint2_smallroom_final_cluster_1,
          sprint2_transparent_cluster_1, sprint2_second_timed_cluster_1,
          sprint2_sniper_area_1, sprint2_heavy_combat_area_1,
          sprint2_mutation_trap_area_1, sprint2_forest_area_1,
          sprint2_light_combat_area_1, sprint2_behind_water_1,
          sprint2_near_end_vault_1]

Skill      XL: |  1  2  3  4  5  6 |
---------------+-------------------+-----
Polearms       | 5 6 8 12 | 12.7
Dodging        | 3 5 6 10 11 | 11.5
Fighting       | 4 7 |  7.4
Armour         | 2 4 |  4.9

Action                   |  1- 3 |  4- 6 |  7- 9 || total
-------------------------+-------+-------+-------++-------
Melee: Spear             |    19 |    17 |    10 ||    46
Invok: Berserk           |     2 |     2 |       ||     4
       Trog's Hand       |       |       |     1 ||     1
  Use: Potion            |       |       |     1 ||     1
Armor: Animal skin       |       |       |     1 ||     1
Dodge: Dodged            |     1 |     2 |    11 ||    14

Table legend: (Time is in decaauts)
 A = Elapsed time spent in this place.
 B = Non-inter-level travel time spent in this place.
 C = Inter-level travel time spent in this place.
 D = Time resting spent in this place.
 E = Time spent auto-exploring this place.
 F = Levels seen in this place.
 G = Mean time per level.
                   A        B        C        D        E       F      G
               +--------+--------+--------+--------+--------+-----+--------+
         Total |    650 |    650 |      0 |    563 |      0 |   1 |  650.0 |
       Dungeon |    650 |    650 |      0 |    563 |      0 |   1 |  650.0 |
               +--------+--------+--------+--------+--------+-----+--------+

Top non-repeatable levels by time:
       D: 650 daAuts
